 Dungeon Crawl Stone Soup version 0.29-a0-575-g0dc89cf053 (webtiles) character file.

Game seed: 10128288938109456783

0 DocClef the Covert (level 1, -3/23 HPs)
             Began as a Gnoll Delver on June 12, 2022.
             Slain by Edmund
             ... wielding a +2 flail of holy wrath
              (16 damage)
             ... on level 5 of the Dungeon.
             The game lasted 00:00:03 (49 turns).

DocClef the Covert (Gnoll Delver)                     Turns: 49, Time: 00:00:04

Health: -3/23      AC:  3    Str: 11    XL:     1   Next: 0%
Magic:  1/1        EV: 13    Int:  9    God:
Gold:   0          SH:  0    Dex: 13    Spells: 0/0 levels left

rFire   . . .      SeeInvis .   a - +0 short sword
rCold   . . .      Faith    .   (no shield)
rNeg    . . .      Spirit   .   b - +0 leather armour
rPois   .          Reflect  .   (no helmet)
rElec   .          Harm     .   (no cloak)
rCorr   .          Rampage  .   (no gloves)
Will    .....                   (no boots)
Stlth   ++++......              (no amulet)
HPRegen 0.07/turn               (no ring)
MPRegen 0.07/turn               (no ring)

@: no status effects
A: fangs 1, strong nose, distributed training
a: no special abilities


You were on level 5 of the Dungeon.
You visited 1 branch of the dungeon, and saw 1 of its levels.

Inventory:

Hand Weapons
 a - a +0 short sword (weapon)
Armour
 b - a +0 leather armour (worn)
Jewellery
 j - a +4 ring of evasion
Wands
 g - a wand of digging (3)
Scrolls
 c - a scroll of fog
 d - a scroll of magic mapping
 e - a scroll of fear
 i - a scroll of enchant armour {unknown}
Potions
 f - a potion of haste
 h - a potion of lignification {unknown}


   Skills:
 + Level 6.4 Fighting
 + Level 4.4 Short Blades
 + Level 0.0 Long Blades
 + Level 0.0 Axes
 + Level 0.0 Maces & Flails
 + Level 0.0 Polearms
 + Level 0.0 Staves
 + Level 0.0 Slings
 + Level 0.0 Bows
 + Level 0.0 Crossbows
 + Level 0.0 Throwing
 + Level 0.0 Armour
 + Level 4.4 Dodging
 + Level 9.5 Stealth
 + Level 0.0 Shields
 + Level 0.0 Unarmed Combat
 + Level 0.0 Spellcasting
 + Level 0.0 Conjurations
 + Level 0.0 Hexes
 + Level 0.0 Summonings
 + Level 0.0 Necromancy
 + Level 0.0 Translocations
 + Level 0.0 Transmutations
 + Level 0.0 Fire Magic
 + Level 0.0 Ice Magic
 + Level 0.0 Air Magic
 + Level 0.0 Earth Magic
 + Level 0.0 Poison Magic
 + Level 0.0 Invocations
 + Level 0.0 Evocations


You couldn't memorise any spells.
You didn't know any spells.
Your spell library was empty.

Dungeon Overview and Level Annotations

Branches:
Dungeon (5/15)
 Temple: D:4-7

Altars:
Yredelemnul

Annotations:
D:5 Edmund


Innate Abilities, Weirdness & Mutations

You have very sharp teeth.
Your uncanny sense of smell can sniff out nearby items.
Your experience applies equally to all skills.


Message History

Welcome, DocClef the Gnoll Delver.
Everyone else who sought the Orb of Zot has failed.
Will you be different?
Press ? for a list of commands and other information.
Found a brown potion.
Found a stone staircase leading down.
h - a brown potion
Found a basalt altar of Yredelemnul.
i - a scroll labelled POMOAX QOARA
j - a +4 ring of evasion
Found 9 stones.
Edmund the Younger comes into view.
He is wielding a +2 flail of holy wrath.
Found 14 gold pieces.
Edmund is nearby!
Edmund is nearby!
Edmund shouts!
Edmund says, "Everyone always remembers my brother. 'Who's Edmund?' they ask!"
Edmund misses you.
You see here 14 gold pieces.
You hit Edmund. Your bite misses Edmund.
Edmund is lightly wounded.
You hit Edmund.
Edmund is lightly wounded.
Edmund barely misses you.
You hit Edmund but do no damage.
Edmund is lightly wounded.
Edmund hits you with a +2 flail of holy wrath!
You hit Edmund but do no damage.
Edmund is lightly wounded.
Edmund closely misses you.
You hit Edmund.
Edmund is lightly wounded.
Edmund misses you.
You hit Edmund but do no damage. Your bite misses Edmund.
Edmund is lightly wounded.
Edmund hits you with a +2 flail of holy wrath.
You closely miss Edmund.
Edmund is lightly wounded.
Edmund hits you with a +2 flail of holy wrath!
Ouch! That really hurt!
You die...

##.##### #......#
#.##########.#.###
#....>.......#...#
########.........#
..##.#######.#
#.##.# ### #.##
#@##.# ### #..#
#@##.+ ._. +..#
#.##.# #.# #..#
##.##.# #.# #..#
#..##.###+###..#
#..............#
#.≈≈#.#######.####.#
##≈##. #...........#
# #. #(####.######
#. ∆ #.#


You could see Edmund.

Vanquished Creatures (others)
  13 fungi (D:5)
13 creatures vanquished.

Notes
Turn   | Place    | Note
-------+----------+-------------------------------------------
     0 | D:5      | Reached skill level 9 in Stealth
     0 | D:5      | DocClef the Gnoll Delver began the quest for the Orb.
     0 | D:5      | Reached XP level 1. HP: 23/23 MP: 1/1
     6 | D:5      | Found a basalt altar of Yredelemnul.
    38 | D:5      | Noticed Edmund
    49 | D:5      | Slain by Edmund

Illustrated notes

Levels and vault maps discovered:
D:5:      layout_loops_ring, mainiacjoe_overflow_paths, lemuel_doored_altar,
          serial_aquarium, aquarium_bridge_square [aquarium_subvault_wall,
          aquarium_subvault_window, aquarium_subvault_bridge,
          aquarium_subvault_bridge], aquarium_bridge_long_separate
          [aquarium_subvault_wall, aquarium_subvault_balcony,
          aquarium_subvault_bridge, aquarium_subvault_bridge,
          aquarium_subvault_bridge, aquarium_subvault_window],
          aquarium_window_1, aquarium_window_2, aquarium_window_corner,
          aquarium_view_2c, aquarium_view_2g, aquarium_balcony_double_1,
          aquarium_pool_2, uniq_edmund

Skill      XL: | |
---------------+-+-----
Stealth        | |  9.5
Fighting       | |  6.4
Short Blades   | |  4.4
Dodging        | |  4.4

Action                   || total
-------------------------++-------
Melee: Short sword       ||     7
Dodge: Dodged            ||     4

Table legend: (Time is in decaauts)
 A = Elapsed time spent in this place.
 B = Non-inter-level travel time spent in this place.
 C = Inter-level travel time spent in this place.
 D = Time resting spent in this place.
 E = Time spent auto-exploring this place.
 F = Levels seen in this place.
 G = Mean time per level.
                   A        B        C        D        E       F      G
               +--------+--------+--------+--------+--------+-----+--------+
         Total |     48 |     48 |      0 |      0 |     33 |   1 |   48.0 |
       Dungeon |     48 |     48 |      0 |      0 |     33 |   1 |   48.0 |
               +--------+--------+--------+--------+--------+-----+--------+

Top non-repeatable levels by time:
     D:5: 48 daAuts
